 Dungeon Crawl Stone Soup version 0.31-a0-1-g4198be8af4 (webtiles) character file.

Game seed: 431893577756583931

71 jasper the Stinger (level 4, -1/30 HPs)
             Began as a Demonspawn Venom Mage on May 2, 2023.
             Slain by Grinder (8 damage)
             ... while paralysed by Grinder
             ... on level 3 of the Dungeon.
             The game lasted 00:02:47 (1713 turns).

jasper the Stinger (Demonspawn Venom Mage)          Turns: 1713, Time: 00:02:47

Health: -1/30      AC:  3    Str:  8    XL:     4   Next: 5%
Magic:  1/7        EV:  2    Int: 18    God:
Gold:   73         SH:  0    Dex: 14    Spells: 1/7 levels left

rFire   . . .        d - +0 morningstar
rCold   . . .        (no shield)
rNeg    . . .        a - +1 robe
rPois   .            (no helmet)
rElec   .            (no cloak)
rCorr   .            (no gloves)
SInv    .            (no boots)
Will    .....        (no amulet)
Stlth   ++           (no ring)
HPRegen 0.25/turn    (no ring)
MPRegen 0.10/turn

%: no passive effects
@: paralysed
A: demonic guardian 1, foul stench 1
a: no special abilities


You were on level 3 of the Dungeon.
You visited 1 branch of the dungeon, and saw 3 of its levels.

You collected 73 gold pieces.

Inventory:

Hand Weapons
 d - a +0 morningstar (weapon)
 e - a +0 mace of venom
Missiles
 c - 24 stones
Armour
 a - a +1 robe (worn)
Jewellery
 h - a ring of see invisible
Scrolls
 j - a scroll of enchant armour
 k - a scroll of silence {unknown}
 l - a scroll of butterflies {unknown}
Potions
 b - a potion of magic
 f - a potion of flight {unknown}
 g - a potion of curing {unknown}
 i - a potion of might {unknown}


   Skills:
 - Level 1.7 Dodging
 - Level 1.7 Stealth
 - Level 2.0 Spellcasting
 - Level 0.8 Transmutations
 + Level 5.0 Poison Magic


You had one spell level left.
You knew the following spells:

 Your Spells              Type           Power      Damage    Failure   Level
a - Sting                 Tmut/Pois      48%        1d5       5%          1
b - Poisonous Vapours     Pois/Air       20%        N/A       10%         2
c - Mephitic Cloud        Conj/Pois/Air  7%         N/A       28%         3

Your spell library contained the following spells:

 Spells                   Type           Power      Damage    Failure   Level
 Olgreb's Toxic Radiance  Pois           19%        N/A       22%         4
 Dazzling Flash           Conj/Hex       2%         N/A       47%         3
 Volatile Blastmotes      Fire/Tloc      2%         2d10      47%         3
 Iskenderun's Mystic Bla  Conj/Tloc      1%         2d3       87%         4
 Starburst                Conj/Fire      0%         6d3       100%        6


Dungeon Overview and Level Annotations

Branches:
Dungeon (3/15)

Altars:

Shops:
D:3 (

Annotations:
D:3 Grinder


Innate Abilities, Weirdness & Mutations

A weak demonic guardian rushes to your aid.
You may rarely emit foul miasma when damaged in melee.


Message History

You now have 3/7 mp.
Aiming: Sting (safe; 5% risk of failure)
Press: ? - help, Q - select action, (/) - cycle Shift-Dir - straight line, f/p - Grinder
Aim: Grinder (moderately wounded, very poisoned, 68% to hit)
You miscast Sting.
You are very lightly contaminated with residual magic.
Nothing appears to happen.
Grinder completely misses you.
You now have 2/7 mp.
Aiming: Sting (safe; 5% risk of failure)
Press: ? - help, Q - select action, (/) - cycle Shift-Dir - straight line, f/p - Grinder
Aim: Grinder (moderately wounded, very poisoned, 68% to hit)
The sting misses Grinder.
Grinder gestures at you. Pain shoots through your body!
You take 3 damage, and have 27/30 hp.
You now have 1/7 mp.
Aiming: Sting (safe; 5% risk of failure)
Press: ? - help, Q - select action, (/) - cycle Shift-Dir - straight line, f/p - Grinder
Aim: Grinder (moderately wounded, very poisoned, 68% to hit)
The sting hits Grinder.
Grinder partially resists.
Grinder is heavily wounded.
Grinder barely misses you.
You now have 0/7 mp.
You barely miss Grinder.
Grinder is heavily wounded.
Grinder hits you.
You writhe in agony.
You take 9 damage, and have 18/30 hp.
MASSIVE DAMAGE!!
You closely miss Grinder.
Grinder is heavily wounded.
Grinder gestures at you.
You suddenly lose the ability to move!
Grinder gestures at you.
You shrug off the repeated paralysis!
Grinder hits you!
* * * LOW HITPOINT WARNING * * *
You writhe in agony.
* * * LOW HITPOINT WARNING * * *
Your magical contamination has completely faded away.
Grinder hits you!
You die...

#.#.......
###.#.......
.........
...........#
#........
###.########
#........
............
.........
.##.########
#........ ###.#
##### #........
#.#####...#
#5.......
#.....#...# #@#
#####.....# #.#
###..### #.#
##...###.####
###..##.#..#
#########.##.#..#
#.......#.##.#..###
#.......#.##.#<...#
#.......#..#.####.#


You could see Grinder (poisoned).

Vanquished Creatures
  Terence (D:1)
  An adder (D:3)
  2 dart slugs
  3 ball pythons (D:1)
  An endoplasm (D:1)
  4 goblins (D:1)
  3 hobgoblins (D:1)
  3 quokkas (D:1)
  5 bats (D:1)
  2 frilled lizards (D:1)
  3 kobolds
  3 rats (D:1)
31 creatures vanquished.

Vanquished Creatures (others)
  3 demonic plants (D:1)
  A fungus (D:1)
4 creatures vanquished.

Grand Total: 35 creatures vanquished

Notes
Turn   | Place    | Note
-------+----------+-------------------------------------------
     0 | D:1      | jasper the Demonspawn Venom Mage began the quest for the
                  | Orb.
     0 | D:1      | Reached XP level 1. HP: 13/13 MP: 3/3
   287 | D:1      | Gained mutation: You may rarely emit foul miasma when
                  | damaged in melee. [demonic ancestry]
   287 | D:1      | Reached XP level 2. HP: 19/19 MP: 0/5
   290 | D:1      | Learned a level 2 spell: Poisonous Vapours
   621 | D:1      | Found a faded altar of an unknown god.
   659 | D:1      | Reached skill level 4 in Poison Magic
   891 | D:1      | Reached XP level 3. HP: 17/24 MP: 1/6
   990 | D:1      | Learned a level 3 spell: Mephitic Cloud
  1355 | D:2      | Noticed Terence
  1369 | D:1      | Killed Terence
  1499 | D:3      | Found Ciyphaon's Antique Weapon Boutique.
  1660 | D:3      | Reached skill level 5 in Poison Magic
  1660 | D:3      | Gained mutation: A weak demonic guardian rushes to your
                  | aid. [demonic ancestry]
  1660 | D:3      | Reached XP level 4. HP: 30/30 MP: 3/7
  1702 | D:3      | Noticed Grinder
  1711 | D:3      | Paralysed by Grinder for 3 turns
  1713 | D:3      | Slain by Grinder

Illustrated notes

Levels and vault maps discovered:
D:1:      dpeg_arrival_three_same_balls, layout_loops_ring,
          shapermc_ecumenical_altar_gd
D:2:      layout_basic, basic_altar, uniq_terence, uniq_robin, uniq_jessica
D:3:      layout_basic, serial_shops, nicolae_book_shop_shelving,
          nicolae_shop_hallway_plus, uniq_grinder

Skill      XL: |  1  2  3 |
---------------+----------+-----
Poison Magic   | 4 5 |  5.0
Dodging        | |  1.7
Stealth        | |  1.7
Spellcasting   | |  2.0
Transmutations | |  0.8

Action                     |  1- 3 |  4- 6 || total
---------------------------+-------+-------++-------
  Melee: Unarmed           |     8 |       ||     8
         Mace              |     9 |       ||     9
         Morningstar       |       |     2 ||     2
   Cast: Sting             |    37 |     6 ||    43
         Poisonous Vapours |    11 |       ||    11
    Use: Scroll            |     2 |       ||     2
 Armour: Robe              |     7 |     2 ||     9
  Dodge: Dodged            |    28 |     3 ||    31

Table legend: (Time is in decaauts)
 A = Elapsed time spent in this place.
 B = Non-inter-level travel time spent in this place.
 C = Inter-level travel time spent in this place.
 D = Time resting spent in this place.
 E = Time spent auto-exploring this place.
 F = Levels seen in this place.
 G = Mean time per level.
                   A        B        C        D        E       F      G
               +--------+--------+--------+--------+--------+-----+--------+
         Total |   1717 |   1662 |     55 |     57 |   1348 |   3 |  572.3 |
       Dungeon |   1717 |   1662 |     55 |     57 |   1348 |   3 |  572.3 |
               +--------+--------+--------+--------+--------+-----+--------+

Top non-repeatable levels by time:
     D:1: 1421 daAuts
     D:3: 236 daAuts
     D:2: 59 daAuts
